 Dungeon Crawl Stone Soup version 0.31-a0-369-g8eba5f6939 (webtiles) character file.

Game seed: 6398304529419705142

217 Newt the Shooter (level 6, -1/40 HPs)
             Began as a Kobold Hunter on July 28, 2023.
             Slain by a gnoll
             ... wielding a +0 spear
              (8 damage)
             ... on level 4 of the Dungeon.
             The game lasted 00:03:00 (3332 turns).

Newt the Shooter (Kobold Hunter)                    Turns: 3332, Time: 00:03:01

Health: -1/40      AC:  3    Str: 14    XL:     6   Next: 16%
Magic:  6/6        EV: 15    Int: 10    God:
Gold:   82         SH:  0    Dex: 21    Spells: 5/5 levels left

rFire   . . .        a - +0 shortbow
rCold   . . .        (shield currently unavailable)
rNeg    . . .        c - +0 leather armour
rPois   .            (no helmet)
rElec   .            (no cloak)
rCorr   .            (no gloves)
SInv    .            (no boots)
Will    .....        (no amulet)
Stlth   ++           i - +6 ring of strength
HPRegen 0.26/turn    (no ring)
MPRegen 0.10/turn

%: no passive effects
@: confused
A: small, no large weapons, nightstalker 3
a: no special abilities


You were on level 4 of the Dungeon.
You visited 1 branch of the dungeon, and saw 4 of its levels.

You collected 82 gold pieces.

Inventory:

Hand Weapons
 a - a +0 shortbow (weapon)
Armour
 c - a +0 leather armour (worn)
Jewellery
 e - a ring of ice
 h - an amulet of faith
 i - a +6 ring of strength (left hand)
Wands
 l - a wand of paralysis (9)
Scrolls
 b - a scroll of butterflies
 n - a scroll of blinking
 o - a scroll of identify
Potions
 d - a potion of magic
 f - a potion of heal wounds
 g - a potion of attraction
 j - a potion of resistance
 k - a potion of invisibility {unknown}
 m - 2 potions of enlightenment {unknown}


   Skills:
 - Level 5.0 Fighting
 + Level 7.4 Ranged Weapons
 - Level 2.4 Dodging
 - Level 1.3 Stealth


You had 5 spell levels left.
You didn't know any spells.
Your spell library contained the following spells:

 Spells                   Type           Power      Damage    Failure   Level
 Magic Dart               Conj           0%         1d3       43%         1
 Searing Ray              Conj           0%         2d4       58%         2
 Fulminant Prism          Conj/Hex       0%         3d5       99%         4


Dungeon Overview and Level Annotations

Branches:
Dungeon (4/15)
 Temple: D:4-7

Altars:
Makhleb


Innate Abilities, Weirdness & Mutations

You are small and have problems with some larger weapons.
You are completely attuned to the shadows.


Message History

Press: ? - help, Shift-Dir - straight line, f/p - gnoll
Aim: a gnoll, wielding a +0 spear, wearing a +5 ring of evasion and quivering a throwing net (55% to hit)
You shoot an arrow. The arrow closely misses the gnoll.
The gnoll misses you. Something hits you.
* * * LOW HITPOINT WARNING * * *
Unknown command.
Fire: a) +0 shortbow
Press: ? - help, Shift-Dir - straight line, f/p - gnoll
Aim: a gnoll, wielding a +0 spear, wearing a +5 ring of evasion and quivering a throwing net (55% to hit)
You shoot an arrow. The gnoll barely misses you. Something hits you.
* * * LOW HITPOINT WARNING * * *
Unknown command.
Unknown command.
Fire: a) +0 shortbow
Press: ? - help, Shift-Dir - straight line, f/p - gnoll
Aim: a gnoll, wielding a +0 spear, wearing a +5 ring of evasion and quivering a throwing net (55% to hit)
You shoot an arrow. The arrow hits the gnoll!
The gnoll is severely wounded.
The gnoll closely misses you. Something hits you.
* * * LOW HITPOINT WARNING * * *
Unknown command.
Unknown command.
Unknown command.
The gnoll throws a throwing net.
Something gets caught in the net!
You hear some strange, mumbled words.
You are confused.
Something wriggles in the net.
You see here a throwing net.
Unknown command.
Unknown command.
Unknown command.
You are too injured to fight recklessly!
The gnoll hits you from afar with a +0 spear.
* * * LOW HITPOINT WARNING * * *
Something wriggles in the net.
You see here a throwing net.
The gnoll misses you.
Something wriggles in the net.
You clumsily bash something but do no damage.
The gnoll hits you from afar with a +0 spear!
You die...

##.................######
......)............#
...........###.#...#
............########
....##...#..########
..### #.###.....##.# ..#
.# ##....##.##### .##
##...##o..... ##
##.(@(g..... #
##.###..... ### ......
....... ##......


You could see a gnoll and an orc.

Vanquished Creatures
  An orc priest (D:3)
  Ijyb (D:3)
  6 gnolls
  2 adders (D:2)
  2 worms
  3 dart slugs (D:1)
  4 orcs
  11 ball pythons
  6 endoplasms
  7 goblins
  9 hobgoblins
  3 kobolds
  5 quokkas
  6 bats
  7 frilled lizards
  4 rats
77 creatures vanquished.

Notes
Turn   | Place    | Note
-------+----------+-------------------------------------------
     0 | D:1      | Newt the Kobold Hunter began the quest for the Orb.
     0 | D:1      | Reached XP level 1. HP: 12/12 MP: 1/1
   172 | D:1      | You fall into a shaft and drop 1 floor!
   216 | D:2      | Reached XP level 2. HP: 19/19 MP: 2/2
   313 | D:1      | Reached XP level 3. HP: 23/23 MP: 3/3
   856 | D:1      | Reached XP level 4. HP: 30/30 MP: 4/4
  1809 | D:2      | Reached skill level 5 in Fighting
  2058 | D:3      | Reached XP level 5. HP: 28/35 MP: 5/5
  2131 | D:3      | Reached skill level 6 in Ranged Weapons
  2231 | D:3      | Found a faded altar of an unknown god.
  2710 | D:3      | Noticed Ijyb
  2720 | D:3      | Paralysed by Ijyb for 3 turns
  2731 | D:3      | Killed Ijyb
  2732 | D:3      | Reached skill level 7 in Ranged Weapons
  3027 | D:3      | Reached XP level 6. HP: 35/40 MP: 6/6
  3108 | D:3      | Identified the +10 great mace of Liziwugi {antimagic, rPois
                  | rF+ rCorr}
  3246 | D:4      | Found a burning altar of Makhleb.
  3332 | D:4      | Slain by a gnoll

Illustrated notes

Levels and vault maps discovered:
D:1:      dpeg_chamrin_arrival_tetris, layout_loops_corners
D:2:      layout_loops_ring, minmay_tall_x
D:3:      layout_loops_ring, shapermc_ecumenical_altar_mp_urbaneastern,
          nrook_loot_triangle, minmay_quantized, uniq_ijyb
D:4:      minmay_inner_zag, layout_cave_pools, mainiacjoe_overflow_alcove_3,
          bloody_makhleb, portal_sewer_entry_a

Skill      XL: |  1  2  3  4  5 |
---------------+----------------+-----
Fighting       | 3 4 5 |  5.0
Ranged Weapons | 7 |  7.4
Dodging        | |  2.4
Stealth        | |  1.3

Action                     |  1- 3 |  4- 6 || total
---------------------------+-------+-------++-------
  Melee: Shortbow          |       |     1 ||     1
   Fire: Shortbow          |    81 |   163 ||   244
    Use: Scroll            |       |    11 ||    11
         Potion            |       |     4 ||     4
 Armour: Leather armour    |    13 |    12 ||    25
  Dodge: Dodged            |    36 |    59 ||    95

Table legend: (Time is in decaauts)
 A = Elapsed time spent in this place.
 B = Non-inter-level travel time spent in this place.
 C = Inter-level travel time spent in this place.
 D = Time resting spent in this place.
 E = Time spent auto-exploring this place.
 F = Levels seen in this place.
 G = Mean time per level.
                   A        B        C        D        E       F      G
               +--------+--------+--------+--------+--------+-----+--------+
         Total |   3371 |   3247 |    124 |    375 |   2435 |   4 |  842.8 |
       Dungeon |   3371 |   3247 |    124 |    375 |   2435 |   4 |  842.8 |
               +--------+--------+--------+--------+--------+-----+--------+

Top non-repeatable levels by time:
     D:3: 1190 daAuts
     D:1: 1144 daAuts
     D:2: 922 daAuts
     D:4: 114 daAuts
